| TOP OF THE 1ST |
|
Arkansas Travelers batting - Pitching for Montgomery Biscuits : LHP Kyle Schlosschlonghair
|
|
Pitching: LHP Kyle Schlosschlonghair
|
|
|
Batting: LHB Micah Miller
|
0-0: Called Strike 0-1: Called Strike 0-2: Foul Ball, location: 2F 0-2: Foul Ball, location: 2F 0-2: Strikes out swinging
|
|
Batting: RHB Andres Mendiola
|
0-0: Ball 1-0: Ball 2-0: Swinging Strike 2-1: Foul Ball, location: 2F 2-2: Ball 3-2: Strikes out looking
|
|
Batting: RHB Jasper Burd
|
0-0: Called Strike 0-1: Foul Ball, location: 2F 0-2: Hit by Pitch
|
|
Batting: LHB Matt Patnaude
|
0-0: Called Strike 0-1: Ball 1-1: Ball 2-1: Foul Ball, location: 2F 2-2: Ball 3-2: Ground out 4-3 (Groundball, 34D, EV 90.6 MPH)
|
| Top of the 1st over - 0 runs, 0 hits, 0 errors, 1 left on base; Arkansas 0 - Montgomery 0 |
| BOTTOM OF THE 1ST |
|
Montgomery Biscuits batting - Pitching for Arkansas Travelers : RHP Sam Alexander
|
|
Pitching: RHP Sam Alexander
|
|
|
Batting: LHB Jeremy Burton
|
0-0: Ball 1-0: Ball 2-0: Called Strike 2-1: Ball 3-1: Ground out 6-3 (Groundball, 6MS, EV 83.1 MPH)
|
|
Batting: LHB Jimmy Detrie
|
0-0: Ball 1-0: Called Strike 1-1: Ball 2-1: Ball 3-1: Ground out 5-3 (Groundball, 5L, EV 92.5 MPH)
|
|
Batting: LHB Steve Anderson
|
0-0: Ball 1-0: Called Strike 1-1: Swinging Strike 1-2: Strikes out swinging
|
| Bottom of the 1st over - 0 runs, 0 hits, 0 errors, 0 left on base; Arkansas 0 - Montgomery 0 |
| TOP OF THE 2ND |
|
Arkansas Travelers batting - Pitching for Montgomery Biscuits : LHP Kyle Schlosschlonghair
|
|
Batting: RHB Guillermo Mojica
|
0-0: Called Strike 0-1: Ball 1-1: Fly out, F9 (Flyball, 9LS, EV 90.0 MPH)
|
|
Batting: RHB Guilherme Valdigem
|
0-0: Ground out 1-3 (Groundball, 13S, EV 72.5 MPH)
|
|
Batting: RHB Jason Rivers
|
0-0: Called Strike 0-1: Called Strike 0-2: Ball 1-2: Foul Ball, location: 2F 1-2: Ball 2-2: Strikes out looking
|
| Top of the 2nd over - 0 runs, 0 hits, 0 errors, 0 left on base; Arkansas 0 - Montgomery 0 |
| BOTTOM OF THE 2ND |
|
Montgomery Biscuits batting - Pitching for Arkansas Travelers : RHP Sam Alexander
|
|
Batting: RHB Jesse Basich
|
0-0: Foul Ball, location: 2F 0-1: Ball 1-1: Called Strike 1-2: Strikes out swinging
|
|
Batting: RHB Nick Sharp
|
0-0: Ball 1-0: Foul Ball, location: 2F 1-1: Ball 2-1: Foul Ball, location: 2F 2-2: Ground out 6-3 (Groundball, 6M, EV 96.9 MPH)
|
|
Batting: SHB Willie Koviak
|
0-0: Called Strike 0-1: Ball 1-1: Ball 2-1: Fly out, F9 (Flyball, 9LD, EV 95.6 MPH)
|
| Bottom of the 2nd over - 0 runs, 0 hits, 0 errors, 0 left on base; Arkansas 0 - Montgomery 0 |
| TOP OF THE 3RD |
|
Arkansas Travelers batting - Pitching for Montgomery Biscuits : LHP Kyle Schlosschlonghair
|
|
Batting: RHB Rob Bly
|
0-0: Called Strike 0-1: Ball 1-1: Ball 2-1: Ground out 6-3 (Groundball, 6, EV 106.9 MPH)
|
|
Batting: LHB Kevin Thorp
|
0-0: Foul Ball, location: 2F 0-1: Called Strike 0-2: Strikes out swinging
|
|
Batting: LHB Micah Miller
|
0-0: Foul Ball, location: 2F 0-1: Foul Ball, location: 2F 0-2: Strikes out swinging
|
| Top of the 3rd over - 0 runs, 0 hits, 0 errors, 0 left on base; Arkansas 0 - Montgomery 0 |
| BOTTOM OF THE 3RD |
|
Montgomery Biscuits batting - Pitching for Arkansas Travelers : RHP Sam Alexander
|
|
Batting: RHB Danny Diaz
|
0-0: Ball 1-0: Ball 2-0: Ball 3-0: Foul Ball, location: 2F 3-1: Foul Ball, location: 2F 3-2: Strikes out looking
|
|
Batting: LHB Shinji Adachi
|
0-0: Swinging Strike 0-1: Reached on error, E4 (Groundball, 4, EV 95.6 MPH)
|
|
Batting: RHB Kyle Waters
|
0-0: Foul Ball, location: 2F 0-1: Foul Ball, location: 2F 0-2: Ball 1-2: Ball 2-2: Fly out, F4 (Popup, 4, EV 79.4 MPH)
|
|
Batting: LHB Jeremy Burton
|
0-0: Called Strike 0-1: Foul Ball, location: 2F 0-2: Foul Ball, location: 2F 0-2: Ball 1-2: Strikes out swinging
|
| Bottom of the 3rd over - 0 runs, 0 hits, 1 error, 1 left on base; Arkansas 0 - Montgomery 0 |
| TOP OF THE 4TH |
|
Arkansas Travelers batting - Pitching for Montgomery Biscuits : LHP Kyle Schlosschlonghair
|
|
Batting: RHB Andres Mendiola
|
0-0: Foul Ball, location: 2F 0-1: Foul Ball, location: 2F 0-2: Strikes out swinging
|
|
Batting: RHB Jasper Burd
|
0-0: Foul Ball, location: 2F 0-1: Called Strike 0-2: Fly out, F8 (Line Drive, 8LD, EV 100.6 MPH)
|
|
Batting: LHB Matt Patnaude
|
0-0: Called Strike 0-1: Ball 1-1: Foul Ball, location: 2F 1-2: Ball 2-2: Strikes out looking
|
| Top of the 4th over - 0 runs, 0 hits, 0 errors, 0 left on base; Arkansas 0 - Montgomery 0 |
| BOTTOM OF THE 4TH |
|
Montgomery Biscuits batting - Pitching for Arkansas Travelers : RHP Sam Alexander
|
|
Batting: LHB Jimmy Detrie
|
0-0: Ball 1-0: Called Strike 1-1: Swinging Strike 1-2: Fly out, F8 (Flyball, 8RS, EV 84.4 MPH)
|
|
Batting: LHB Steve Anderson
|
0-0: Ball 1-0: Ball 2-0: Ball 3-0: Base on Balls
|
|
Batting: RHB Jesse Basich
|
0-0: Ball 1-0: Ball Passed Ball! Steve Anderson to second 2-0: Ground out 5-3 (Groundball, 56, EV 83.1 MPH)
|
|
Batting: RHB Nick Sharp
|
0-0: Called Strike 0-1: Ball 1-1: Called Strike 1-2: Strikes out looking
|
| Bottom of the 4th over - 0 runs, 0 hits, 0 errors, 1 left on base; Arkansas 0 - Montgomery 0 |
| TOP OF THE 5TH |
|
Arkansas Travelers batting - Pitching for Montgomery Biscuits : LHP Kyle Schlosschlonghair
|
|
Batting: RHB Guillermo Mojica
|
0-0: Called Strike 0-1: Foul Ball, location: 2F 0-2: Foul Ball, location: 2F 0-2: Ball 1-2: Strikes out swinging, 2-3 out at first.
|
|
Batting: RHB Guilherme Valdigem
|
0-0: Ball 1-0: Foul Ball, location: 2F 1-1: Foul Ball, location: 2F 1-2: Foul Ball, location: 2F 1-2: Ball 2-2: Ball 3-2: Ground out 6-3 (Groundball, 6, EV 101.3 MPH)
|
|
Batting: RHB Jason Rivers
|
0-0: Called Strike 0-1: Called Strike 0-2: Ground out 1-3 (Groundball, 15S, EV 68.1 MPH)
|
| Top of the 5th over - 0 runs, 0 hits, 0 errors, 0 left on base; Arkansas 0 - Montgomery 0 |
| BOTTOM OF THE 5TH |
|
Montgomery Biscuits batting - Pitching for Arkansas Travelers : RHP Sam Alexander
|
|
Batting: SHB Willie Koviak
|
0-0: Called Strike 0-1: Ground out 4-3 (Groundball, 4, EV 98.1 MPH)
|
|
Batting: RHB Danny Diaz
|
0-0: Ball 1-0: Foul Ball, location: 2F 1-1: Called Strike 1-2: Foul Ball, location: 2F 1-2: Strikes out swinging, 2-3 out at first.
|
|
Batting: LHB Shinji Adachi
|
0-0: Ball 1-0: SINGLE (Groundball, 34D, EV 83.8 MPH) (infield hit)
|
|
Pinch Runner at 1st Andrew Keating:
|
|
|
Batting: RHB Kyle Waters
|
0-0: DOUBLE (Line Drive, 9LM, EV 93.8 MPH) Andrew Keating to third Runner from 3rd tries for Home, SAFE, throw by RF to home
|
|
Batting: LHB Jeremy Burton
|
0-0: Ball 1-0: Called Strike 1-1: SINGLE (Line Drive, 89M, EV 95.6 MPH) Kyle Waters to third
|
|
Batting: LHB Jimmy Detrie
|
0-0: Ball 1-0: Ball 2-0: Foul Ball, location: 2F 2-1: Fly out, F5 (Popup, 25F, EV 83.1 MPH)
|
| Bottom of the 5th over - 1 run, 3 hits, 0 errors, 2 left on base; Arkansas 0 - Montgomery 1 |
| TOP OF THE 6TH |
|
Arkansas Travelers batting - Pitching for Montgomery Biscuits : LHP Kyle Schlosschlonghair
|
|
Batting: RHB Rob Bly
|
0-0: Ball 1-0: Called Strike 1-1: Ball 2-1: Ground out U3 (Groundball, 34, EV 81.3 MPH)
|
|
Batting: LHB Kevin Thorp
|
0-0: Ball 1-0: Ball 2-0: Called Strike 2-1: Foul Ball, location: 2F 2-2: Ground out 3-1 (Groundball, 34S, EV 80.6 MPH)
|
|
Batting: LHB Micah Miller
|
0-0: Called Strike 0-1: Foul Ball, location: 2F 0-2: Strikes out swinging
|
| Top of the 6th over - 0 runs, 0 hits, 0 errors, 0 left on base; Arkansas 0 - Montgomery 1 |
| BOTTOM OF THE 6TH |
|
Montgomery Biscuits batting - Pitching for Arkansas Travelers : RHP Sam Alexander
|
|
Batting: LHB Steve Anderson
|
0-0: SOLO HOME RUN (Flyball, 9D, EV 94.4 MPH), Distance : 376 ft
|
|
Batting: RHB Jesse Basich
|
0-0: Fly out, F7 (Flyball, 7S, EV 80.0 MPH)
|
|
Batting: RHB Nick Sharp
|
0-0: Fly out, F4 (Popup, 34, EV 71.3 MPH)
|
|
Batting: SHB Willie Koviak
|
0-0: Called Strike 0-1: Ball 1-1: Ball 2-1: Fly out, F7 (Flyball, 7S, EV 86.9 MPH)
|
| Bottom of the 6th over - 1 run, 1 hit, 0 errors, 0 left on base; Arkansas 0 - Montgomery 2 |
| TOP OF THE 7TH |
|
Arkansas Travelers batting - Pitching for Montgomery Biscuits : LHP Kyle Schlosschlonghair
|
|
Batting: RHB Andres Mendiola
|
0-0: Fly out, F9 (Flyball, 89XD, EV 98.8 MPH)
|
|
Batting: RHB Jasper Burd
|
0-0: Ball 1-0: SOLO HOME RUN (Flyball, 7D, EV 100.0 MPH), Distance : 385 ft
|
|
Batting: LHB Matt Patnaude
|
0-0: Swinging Strike 0-1: Swinging Strike 0-2: Ball 1-2: Strikes out swinging
|
|
Batting: RHB Guillermo Mojica
|
0-0: Ball 1-0: Ball 2-0: Ball 3-0: Called Strike 3-1: SINGLE (Line Drive, 4D, EV 97.5 MPH)
|
|
Batting: RHB Guilherme Valdigem
|
0-0: Ball 1-0: Called Strike 1-1: Ball 2-1: Ball 3-1: Foul Ball, location: 2F 3-2: Base on Balls Guillermo Mojica to second
|
|
Batting: RHB Jason Rivers
|
0-0: Ball 1-0: Ball 2-0: Called Strike 2-1: Fielders Choice at 2nd, 6-4 (Groundball, 56, EV 78.8 MPH)
|
| Top of the 7th over - 1 run, 2 hits, 0 errors, 2 left on base; Arkansas 1 - Montgomery 2 |
| BOTTOM OF THE 7TH |
|
Montgomery Biscuits batting - Pitching for Arkansas Travelers : RHP Sam Alexander
|
|
Pitching: RHP Kirk Thacker
|
|
|
Batting: RHB Danny Diaz
|
0-0: Fly out, F8 (Line Drive, 8LM, EV 106.9 MPH)
|
|
Batting: RHB Andrew Keating
|
0-0: DOUBLE (Line Drive, 9LM, EV 105.6 MPH)
|
|
Batting: RHB Kyle Waters
|
0-0: Called Strike 0-1: Ball 1-1: Foul Ball, location: 2F 1-2: Ball 2-2: SINGLE (Groundball, 6MS, EV 71.9 MPH) (infield hit) Andrew Keating to third
|
|
Batting: LHB Jeremy Burton
|
0-0: Ball 1-0: Squeeze Bunt to 13S - play home, runner OUT, batter safe! 1-2 Kyle Waters to second
|
|
Pinch Runner at 2nd Orlando Herrera:
|
|
|
Batting: LHB Jimmy Detrie
|
0-0: Ball 1-0: Called Strike 1-1: Foul Ball, location: 2F 1-2: Foul Ball, location: 2F 1-2: Ground out 4-3 (Groundball, 4, EV 80.0 MPH)
|
| Bottom of the 7th over - 0 runs, 2 hits, 0 errors, 2 left on base; Arkansas 1 - Montgomery 2 |
| TOP OF THE 8TH |
|
Arkansas Travelers batting - Pitching for Montgomery Biscuits : LHP Kyle Schlosschlonghair
|
|
Now in LF: Dan Marks
|
|
|
Batting: RHB Rob Bly
|
0-0: Called Strike 0-1: Foul Ball, location: 2F 0-2: Foul Ball, location: 2F 0-2: Ball 1-2: Ball 2-2: Strikes out swinging
|
|
Batting: LHB Kevin Thorp
|
0-0: Ball 1-0: Ball 2-0: Foul Ball, location: 2F 2-1: Foul Ball, location: 2F 2-2: Ball 3-2: Base on Balls
|
|
Pitching: RHP Kingo Tsutsumi
|
|
|
Batting: LHB Micah Miller
|
0-0: Ball 1-0: Foul Ball, location: 2F 1-1: Ball 2-1: Sac Bunt to 15 - play at first, batter OUT! 1-4 Kevin Thorp to second
|
|
Batting: RHB Andres Mendiola
|
0-0: Called Strike 0-1: Ball 1-1: Ball 2-1: Fly out, F7 (Flyball, 78S, EV 80.0 MPH)
|
| Top of the 8th over - 0 runs, 0 hits, 0 errors, 1 left on base; Arkansas 1 - Montgomery 2 |
| BOTTOM OF THE 8TH |
|
Montgomery Biscuits batting - Pitching for Arkansas Travelers : RHP Kirk Thacker
|
|
Batting: LHB Steve Anderson
|
0-0: Ball 1-0: Called Strike 1-1: Foul Ball, location: 2F 1-2: Foul Ball, location: 2F 1-2: Ball 2-2: Ball 3-2: Foul Ball, location: 2F 3-2: SINGLE (Groundball, 34D, EV 98.8 MPH)
|
|
Batting: RHB Jesse Basich
|
0-0: Ball 1-0: Ball 2-0: Called Strike 2-1: Ball 3-1: Base on Balls Steve Anderson to second
|
|
Pinch Runner at 2nd Santos Renteria:
|
|
|
Batting: RHB Nick Sharp
|
0-0: Ball 1-0: Swinging Strike 1-1: Ball 2-1: Ball 3-1: Base on Balls Santos Renteria to third Jesse Basich to second
|
|
Batting: SHB Willie Koviak
|
0-0: Ball 1-0: Called Strike 1-1: Grounds into fielders choice 3-2 (Groundball, 3S, EV 78.1 MPH) Jesse Basich to third Nick Sharp to second
|
|
Batting: RHB Danny Diaz
|
0-0: DOUBLE (Line Drive, 8LXD, EV 98.1 MPH) Jesse Basich scores Nick Sharp scores Willie Koviak to third
|
|
Batting: RHB Andrew Keating
|
0-0: Intentional Walk
|
|
Batting: RHB Dan Marks
|
0-0: Called Strike 0-1: Ball 1-1: Foul Ball, location: 2F 1-2: Ball 2-2: Foul Ball, location: 2F 2-2: DOUBLE (Line Drive, 89M, EV 95.6 MPH) Willie Koviak scores Danny Diaz scores Andrew Keating to third Runner from 3rd tries for Home, throw by RF and OUT! 9-4-2 Dan Marks to third
|
|
Pitching: RHP Ignacio Gomez
|
|
|
Batting: LHB Jeremy Burton
|
0-0: Swinging Strike 0-1: Swinging Strike 0-2: Ball 1-2: Ground out 6-3 (Groundball, 6, EV 101.3 MPH)
|
| Bottom of the 8th over - 4 runs, 3 hits, 0 errors, 1 left on base; Arkansas 1 - Montgomery 6 |
| TOP OF THE 9TH |
|
Arkansas Travelers batting - Pitching for Montgomery Biscuits : RHP Kingo Tsutsumi
|
|
Now at 3B: Alberto Medina
|
|
|
Batting: RHB Jasper Burd
|
0-0: SINGLE (Groundball, 34S, EV 72.5 MPH) (infield hit)
|
|
Batting: LHB Matt Patnaude
|
0-0: Called Strike 0-1: Called Strike 0-2: Strikes out swinging
|
|
Batting: RHB Guillermo Mojica
|
0-0: Called Strike 0-1: Ball 1-1: Called Strike 1-2: Strikes out looking
|
|
Batting: RHB Guilherme Valdigem
|
0-0: Ball 1-0: Ball 2-0: Fielders Choice at 2nd, 6-4 (Groundball, 6, EV 81.3 MPH)
|
| Top of the 9th over - 0 runs, 1 hit, 0 errors, 1 left on base; Arkansas 1 - Montgomery 6 |
|